 Seeded DCSS version 0.31-a0-986-g5e6e4ef867 (webtiles) character file.

Game seed: 1482509876 (custom seed)

172 Danienth the Grave Robber (level 5, 0/42 HPs)
             Began as a Deep Elf Necromancer on Nov 12, 2023.
             Succumbed to a scorpion's poison
             ... on level 3 of the Dungeon.
             The game lasted 00:06:51 (3008 turns).

Danienth the Grave Robber (Deep Elf Necromancer)    Turns: 3008, Time: 00:06:52

Health: 0/42       AC:  3    Str:  6 (7)  XL:     5   Next: 27%
Magic:  13/23      EV: 12    Int: 17 (20) God:
Gold:   118        SH:  0    Dex: 13 (15) Spells: 10/14 levels left

rFire   + . .        j - +2 dagger (protect)
rCold   + . .        (no shield)
rNeg    . . .        a - +0 robe
rPois   +            (no helmet)
rElec   +            (no cloak)
rCorr   +            (no gloves)
SInv    .            d - +0 pair of boots
Will    .....        (no amulet) Stlth
                     g - ring of magical power
HPRegen 0.27/turn    (no ring)
MPRegen 0.18/turn

%: no passive effects
@: berserking, lethally poisoned (0 -> -1), resistant, very quick
A: no striking features
a: no special abilities


You were on level 3 of the Dungeon.
You visited 1 branch of the dungeon, and saw 3 of its levels.

You collected 118 gold pieces.

Inventory:

Hand Weapons
 j - a +2 dagger of protection (weapon)
Missiles
 k - 5 boomerangs (quivered)
Armour
 a - a +0 robe (worn)
 d - a +0 pair of boots (worn)
Jewellery
 g - a ring of magical power (left hand)
Scrolls
 e - a scroll of teleportation {unknown}
 h - 2 scrolls of identify {unknown}
Potions
 b - a potion of magic
 c - a potion of degeneration


   Skills:
 * Level 2.3 Short Blades
 - Level 2.4 Dodging
 - Level 2.4 Stealth
 + Level 5.1 Spellcasting
 + Level 6.1 Necromancy


You had 10 spell levels left.
You knew the following spells:

 Your Spells              Type           Power      Damage    Failure   Level
a - Necrotise             Necr           100%       1d9       1%          1
b - Vampiric Draining     Necr           25%        2d7       3%          3

Your spell library contained the following spells:

 Spells                   Type           Power      Damage    Failure   Level
 Animate Dead             Necr           25%        N/A       11%         4
 Agony                    Necr           25%        N/A       30%         5


Dungeon Overview and Level Annotations

Branches:
Dungeon (3/15)

Altars:
Ashenzari


Message History

Casting: Necrotise (safe; 1% risk of failure)
Confirm with . or Enter, or press ? or * to list all spells.
Aiming: Vampiric Draining (quite dangerous; 3% risk of failure)
Press: ? - help, Shift-Dir - straight line, f/p - scorpion
Aim: a scorpion (severely wounded)
You draw life force from the scorpion!
You kill the scorpion!
You feel life coursing into your body.
You feel very sick.
Your Short Blades skill increases to level 2!
Your Spellcasting skill increases to level 5!
Your Necromancy skill increases to level 6!
You have reached level 5!
This spell is quite dangerous to cast!
Your memorisation is interrupted.
* * * LOW HITPOINT WARNING * * *
You feel very sick.
* * * LOW HITPOINT WARNING * * *
You feel sick.
You see here a scorpion corpse.
* * * LOW HITPOINT WARNING * * *
You feel sick.
It was a potion of degeneration.
There was something very wrong with that liquid.
You feel weakened.
You feel dopey.
You feel clumsy.
* * * LOW HITPOINT WARNING * * *
You feel sick.
It was a potion of resistance.
You feel protected.
* * * LOW HITPOINT WARNING * * *
You feel sick.
It was a potion of berserk rage.
A red film seems to cover your vision as you go berserk!
You feel yourself moving faster!
You feel mighty!
* * * LOW HITPOINT WARNING * * *
You feel sick.
You feel a strong urge to attack something.
* * * LOW HITPOINT WARNING * * *
You feel sick.
You die...

### #o. ########### #o#
#.........# #.#
#.#######.#######)##..##.#
#.##.....†@..))(((...#...#
#.##.####.##.####.#.###..##
#.##.#######.######..#....#
#.##.##....#+#....#.......#
#.##.##....#_#.............
#.##.##....###....#..#.....
#.#...##..........#...#.#..
#...................#.)....
###...####.....#..#.....†..


There were no monsters in sight!

Vanquished Creatures
  A scorpion (D:3)
  An orc priest (D:3)
  4 adders
  2 dart slugs
  2 orcs (D:3)
  6 ball pythons
  4 endoplasms
  A giant cockroach (D:3)
  2 hobgoblins
  3 jackals (D:1)
  5 kobolds
  A quokka (D:2)
  3 bats
  3 frilled lizards
  2 goblins
  2 rats
42 creatures vanquished.

Vanquished Creatures (collateral kills)
  A rat (D:3)
1 creature vanquished.

Grand Total: 43 creatures vanquished

Notes
Turn   | Place    | Note
-------+----------+-------------------------------------------
     0 | D:1      | Danienth the Deep Elf Necromancer began the quest for the
                  | Orb.
     0 | D:1      | Reached XP level 1. HP: 10/10 MP: 6/6
   119 | D:1      | Reached skill level 5 in Necromancy
   228 | D:1      | Reached XP level 2. HP: 15/15 MP: 2/8
  1747 | D:2      | Reached XP level 3. HP: 19/19 MP: 6/10
  2272 | D:2      | Learned a level 3 spell: Vampiric Draining
  2829 | D:3      | Reached XP level 4. HP: 24/24 MP: 12/12
  2869 | D:3      | Found a broken altar of Ashenzari.
  2874 | D:3      | Reached skill level 1 in Short Blades
  2982 | D:3      | Noticed a scorpion
  3000 | D:3      | Killed a scorpion
  3001 | D:3      | Reached skill level 5 in Spellcasting
  3001 | D:3      | Reached skill level 6 in Necromancy
  3001 | D:3      | Reached XP level 5. HP: 9/28 MP: 11/14
  3006 | D:3      | HP: 2/42 [poisoned by a scorpion]
  3008 | D:3      | Succumbed to a scorpion's poison

Illustrated notes

Levels and vault maps discovered:
D:1:      lightli_molten_gateway, layout_basic
D:2:      minmay_wonky_spiral, layout_basic, kennysheep_generic_room_8
D:3:      layout_loops_ring, ashenzari_conservatory_becter, chequers_mini_garden

Skill      XL: |  1  2  3  4 |
---------------+-------------+-----
Necromancy     | 5 6 |  6.1
Spellcasting   | 4 5 |  5.1
Short Blades   | 2 |  2.3
Dodging        | |  2.4
Stealth        | |  2.4

Action                     |  1- 3 |  4- 6 || total
---------------------------+-------+-------++-------
  Melee: Dagger            |     3 |     1 ||     4
  Throw: Dart              |       |     5 ||     5
         Boomerang         |       |     1 ||     1
   Cast: Necrotise         |    67 |    20 ||    87
         Vampiric Draining |       |     1 ||     1
    Use: Scroll            |     1 |       ||     1
         Potion            |       |     3 ||     3
 Armour: Robe              |    12 |     5 ||    17
  Dodge: Dodged            |     8 |     6 ||    14

Table legend: (Time is in decaauts)
 A = Elapsed time spent in this place.
 B = Non-inter-level travel time spent in this place.
 C = Inter-level travel time spent in this place.
 D = Time resting spent in this place.
 E = Time spent auto-exploring this place.
 F = Levels seen in this place.
 G = Mean time per level.
                   A        B        C        D        E       F      G
               +--------+--------+--------+--------+--------+-----+--------+
         Total |   3006 |   2930 |     76 |      0 |   2639 |   3 | 1002.0 |
       Dungeon |   3006 |   2930 |     76 |      0 |   2639 |   3 | 1002.0 |
               +--------+--------+--------+--------+--------+-----+--------+

Top non-repeatable levels by time:
     D:2: 1352 daAuts
     D:1: 1268 daAuts
     D:3: 385 daAuts
